 Dungeon Crawl Stone Soup version 0.28-a0-622-gbaef9634d7 (webtiles) character file.

Game seed: 69685904895605596

19 sleeves the Skirmisher (level 2, 1/24 HPs)
             Began as a Demonspawn Fighter on Oct 7, 2021.
             Quit the game on level 2 of the Dungeon.
             The game lasted 00:00:30 (929 turns).

sleeves the Skirmisher (Demonspawn Fighter)          Turns: 929, Time: 00:00:30

Health: 1/24       AC:  6    Str: 16    XL:     2   Next: 55%
Magic:  2/2        EV:  9    Int:  9    God:
Gold:   35         SH:  4    Dex: 12    Spells: 1/1 levels left

rFire   . . .      SeeInvis .   a - +0 long sword
rCold   . . .      Faith    .   c - +0 buckler
rNeg    . . .      Spirit   .   b - +0 scale mail
rPois   .          Reflect  .   (no helmet)
rElec   .          Harm     .   (no cloak)
rCorr   .          Rampage  .   (no gloves)
Will    .....                   (no boots)
Stlth   ..........              (no amulet)
HPRegen 0.08/turn               (no ring)
MPRegen 0.08/turn               (no ring)

@: lethally poisoned (1 -> -8)
A: demonic magic 1
a: no special abilities


You were on level 2 of the Dungeon.
You visited 1 branch of the dungeon, and saw 2 of its levels.

You collected 35 gold pieces.

Inventory:

Hand Weapons
 a - a +0 long sword (weapon)
Armour
 b - a +0 scale mail (worn)
 c - a +0 buckler (worn)
Potions
 d - a potion of might


   Skills:
 - Level 3.0 Fighting
 + Level 2.9 Long Blades
 - Level 2.6 Armour
 - Level 2.6 Shields


You had one spell level left.
You didn't know any spells.
Your spell library was empty.

Dungeon Overview and Level Annotations

Branches:
Dungeon (2/15)

Altars:


Innate Abilities, Weirdness & Mutations

Spells you cast may paralyse adjacent enemies.


Message History

Welcome, sleeves the Demonspawn Fighter.
The bosom of this dungeon contains the fabulous artefact, the Orb of Zot.
Press ? for a list of commands and other information.
Found a chain mail and 17 arrows.
Found a staircase leading out of the dungeon.
Found a robe.
You now have 11 gold pieces.
You see here a +0 robe.
A rat comes into view.
Found a stone staircase leading down.
A rat is nearby!
You closely miss the rat. The rat bites you but does no damage.
You barely miss the rat. The rat closely misses you.
Your scale mail prevents you from hitting the rat.
The rat bites you. x2
You slash the rat!
You kill the rat!
No target in view!
No target in view!
No target in view!
No target in view!
No target in view!
No target in view!
No target in view!
HP restored.
An endoplasm comes into view.
The endoplasm quivers.
An endoplasm is nearby!
An endoplasm is nearby!
The endoplasm closely misses you.
You slash the endoplasm!
You kill the endoplasm!
Your Long Blades skill increases to level 2!
No target in view!
No target in view!
No target in view!
No target in view!
No target in view!
No target in view!
A hobgoblin comes into view.
The hobgoblin shouts!
You hear a shout!
A hobgoblin is nearby!
A hobgoblin is nearby!
A goblin comes into view. It is wielding a +0 dagger.
The goblin shouts!
You block the hobgoblin's attack.
You hit the goblin.
The goblin is heavily wounded.
The hobgoblin closely misses you. The goblin hits you but does no damage.
The hobgoblin closely misses you.
You closely miss the goblin.
The goblin is heavily wounded.
The goblin closely misses you. You block the hobgoblin's attack.
You block the goblin's attack.
You hit the goblin but do no damage.
The goblin is moderately wounded.
The hobgoblin hits you. The goblin hits you but does no damage.
You hit the goblin but do no damage.
The goblin is moderately wounded.
The hobgoblin hits you. The goblin barely misses you.
The hobgoblin barely misses you.
You slash the goblin!
You kill the goblin!
The hobgoblin barely misses you.
You slash the hobgoblin!
You kill the hobgoblin!
No target in view!
No target in view!
You see here a +0 dagger.
You now have 23 gold pieces (gained 12).
Found a stone staircase leading down.
An endoplasm comes into view.
The endoplasm quivers.
The endoplasm freezes you.
You are frozen.
You slash the endoplasm!
You kill the endoplasm!
No target in view!
No target in view!
No target in view!
Found 27 stones.
A ball python comes into view.
Found a stone staircase leading down.
The ball python hisses angrily.
The ball python bites you but does no damage.
The ball python barely misses you.
You hit the ball python.
The ball python is heavily wounded.
The ball python closely misses you. The ball python grabs you.
The ball python constricts you.
You slash the ball python!
You kill the ball python!
No target in view!
No target in view!
No target in view!
No target in view!
No target in view!
A kobold comes into view. It is wielding a +0 short sword.
The kobold shouts!
You hear an angry hiss.
The kobold hits you with a +0 short sword.
A frilled lizard comes into view.
There are monsters nearby!
There are monsters nearby!
You hit the kobold.
You kill the kobold!
You have reached level 2!
Your demonic ancestry asserts itself...
A menacing aura infuses your magic.
You slash the frilled lizard!
You kill the frilled lizard!
No target in view!
No target in view!
No target in view!
No target in view!
No target in view!
Things that are here:
a +0 short sword; 5 stones; a kobold corpse You open the door.
There is an open door here.
As you open the door, it creaks loudly!
There is an open door here.
You now have 32 gold pieces (gained 9).
A goblin comes into view. It is wielding a +0 club.
The goblin shouts!
A goblin is nearby!
You barely miss the goblin. The goblin barely misses you.
Your shield prevents you from hitting the goblin.
You block the goblin's attack.
Your shield and scale mail prevent you from hitting the goblin.
The goblin hits you with a +0 club. The goblin barely misses you.
You barely miss the goblin.
An endoplasm comes into view.
The goblin closely misses you.
You closely miss the goblin. The goblin hits you with a +0 club.
You hit the goblin.
You kill the goblin!
The endoplasm hits you but does no damage.
You hit the endoplasm.
The endoplasm is severely wounded.
The endoplasm barely misses you.
You hit the endoplasm.
You kill the endoplasm!
No target in view!
No target in view!
No target in view!
No target in view!
No target in view!
No target in view!
You see here a +0 club.
A giant cockroach comes into view.
A giant cockroach is nearby!
You hit the giant cockroach.
You kill the giant cockroach!
No target in view!
No target in view!
No target in view!
No target in view!
No target in view!
No target in view!
You see here a giant cockroach corpse.
A hobgoblin comes into view.
The hobgoblin shouts!
A hobgoblin is nearby!
The hobgoblin hits you but does no damage.
You hit the hobgoblin.
You kill the hobgoblin!
No target in view!
No target in view!
No target in view!
No target in view!
No target in view!
No target in view!
No target in view!
Found a faded altar of an unknown god.
A frilled lizard comes into view.
The frilled lizard hisses angrily.
A frilled lizard is nearby!
The frilled lizard barely misses you.
You slash the frilled lizard!
You kill the frilled lizard!
No target in view!
No target in view!
No target in view!
No target in view!
No target in view!
No target in view!
No target in view!
No target in view!
You enter the shallow water.
Moving in this stuff is going to be slow.
You now have 33 gold pieces (gained 1).
You now have 34 gold pieces (gained 1).
There is a faded altar of an unknown god here.
You enter the shallow water.
Moving in this stuff is going to be slow.
You now have 35 gold pieces (gained 1).
There is a stone staircase leading down here.
A ball python comes into view.
The ball python hisses angrily.
A ball python is nearby!
A ball python is nearby!
You barely miss the ball python.
The ball python bites you but does no damage.
The ball python closely misses you.
You hit the ball python.
The ball python is moderately wounded.
The ball python closely misses you. The ball python completely misses you.
The ball python closely misses you. The ball python grabs you.
The ball python constricts you.
You hit the ball python.
You kill the ball python!
No target in view!
No target in view!
No target in view!
No target in view!
No target in view!
No target in view!
No target in view!
You see here 27 stones.
You see here a +0 club.
Done exploring.
Done exploring.
No target in view!
No target in view!
No target in view!
No target in view!
No target in view!
No target in view!
No target in view!
No target in view!
Done exploring.
Done exploring.
Done exploring.
(D) Dungeon
Where to? (? - help)
There is a stone staircase leading down here.
You climb downwards.
Found a ring mail.
There is a stone staircase leading up here.
You see here a +0 ring mail.
A hobgoblin comes into view.
The hobgoblin shouts!
You hear an angry hiss.
A hobgoblin is nearby!
A worm comes into view.
A bat comes into view.
Found a blackened diamond ring.
You hit the hobgoblin.
The hobgoblin is moderately wounded.
The hobgoblin barely misses you. The bat hits you but does no damage.
You block the hobgoblin's attack.
You slash the hobgoblin!
You kill the hobgoblin!
The bat hits you but does no damage.
Found 18 bolts.
The bat barely misses you.
An endoplasm comes into view.
The endoplasm quivers.
The bat closely misses you. The bat barely misses you.
The bat completely misses you.
An adder comes into view.
There are monsters nearby!
There are monsters nearby!
You miss the bat.
The adder hisses angrily.
The bat closely misses you. The bat completely misses you.
You block the endoplasm's attack. The endoplasm closely misses you.
You block the bat's attack. The bat hits you. The bat barely misses you.
You block the bat's attack. The bat barely misses you.
You hit the bat.
You kill the bat!
You hit the endoplasm.
The endoplasm is heavily wounded.
The endoplasm freezes you.
You are frozen.
The endoplasm barely misses you.
You hit the endoplasm.
You kill the endoplasm!
The adder bites you but does no damage.
You miss the adder. The adder bites you. x2
You are poisoned.
The adder poisons you!
You slash the adder!
The adder is severely wounded.
You feel sick. The adder barely misses you. You block the adder's attack.
You miss the adder.
The adder is severely wounded.
You feel sick. The adder barely misses you.
You miss the adder.
The adder is severely wounded.
You feel sick. The adder barely misses you. x2
You closely miss the adder.
The adder is severely wounded.
You feel sick.
You are no longer poisoned.
The adder barely misses you.
You barely miss the adder.
The adder is severely wounded.
The adder bites you.
* * * LOW HITPOINT WARNING * * *
You are poisoned.
The adder poisons you! The adder bites you but does no damage.
You miss the adder.
The adder is severely wounded.
You feel sick. The adder bites you but does no damage. The adder bites you.
* * * LOW HITPOINT WARNING * * *
You are more poisoned.
The adder poisons you!
You miss the adder.
The adder is severely wounded.
* * * LOW HITPOINT WARNING * * *
You feel very sick. The adder bites you.
* * * LOW HITPOINT WARNING * * *
Okay, then.
Are you sure you want to abandon this character and quit the game? (Confirm with "yes".)

#..#...# #..#...#
..###..#...#
...........#
....=..#.S##########
..###....w..........
.........†..w####
.........###S#
#.........# #@#
#.##.....## #.#
.........#
#.############
##..(..#
#..[..<.......
#.....
##############


You could see a worm and an adder.

Vanquished Creatures
  2 ball pythons (D:1)
  4 endoplasms
  A giant cockroach (D:1)
  2 goblins (D:1)
  3 hobgoblins
  A bat (D:2)
  2 frilled lizards (D:1)
  A kobold (D:1)
  A rat (D:1)
17 creatures vanquished.

Notes
Turn   | Place    | Note
-------+----------+-------------------------------------------
     0 | D:1      | sleeves the Demonspawn Fighter began the quest for the Orb.
     0 | D:1      | Reached XP level 1. HP: 18/18 MP: 1/1
    72 | D:1      | Reached skill level 2 in Long Blades
   291 | D:1      | Gained mutation: Spells you cast may paralyse adjacent
                  | enemies. [demonic ancestry]
   291 | D:1      | Reached XP level 2. HP: 19/24 MP: 2/2
   627 | D:1      | Found a faded altar of an unknown god.
   924 | D:2      | HP: 12/24 [poisoned by an adder]
   927 | D:2      | HP: 5/24 [adder (3)]
   928 | D:2      | HP: 2/24 [poisoned by an adder]
   929 | D:2      | Quit the game

Illustrated notes

Levels and vault maps discovered:
D:1:      moated_graveyard_arrival, layout_loops_ring,
          hellmonk_ecumenical_altar_pennies_from_heaven, corexii_corridor_pit
D:2:      layout_loops_ring, uniq_sigmund, uniq_robin

Skill      XL: |  1 |
---------------+----+-----
Long Blades    | 2 |  2.9
Fighting       | |  3.0
Armour         | |  2.6
Shields        | |  2.6

Action                   || total
-------------------------++-------
Melee: Long sword        ||    44
Armor: Scale mail        ||    12
Dodge: Dodged            ||    35
Block: Buckler           ||     9

Table legend: (Time is in decaauts)
 A = Elapsed time spent in this place.
 B = Non-inter-level travel time spent in this place.
 C = Inter-level travel time spent in this place.
 D = Time resting spent in this place.
 E = Time spent auto-exploring this place.
 F = Levels seen in this place.
 G = Mean time per level.
                   A        B        C        D        E       F      G
               +--------+--------+--------+--------+--------+-----+--------+
         Total |    943 |    907 |     36 |      0 |    802 |   2 |  471.5 |
       Dungeon |    943 |    907 |     36 |      0 |    802 |   2 |  471.5 |
               +--------+--------+--------+--------+--------+-----+--------+

Top non-repeatable levels by time:
     D:1: 902 daAuts
     D:2: 40 daAuts
